 Dungeon Crawl Stone Soup version 0.30-a0-21-g5d08c37080 (webtiles) character file.

Game seed: 10046367948715368093

13127 Araneus the Spear-Bearer (level 11, -7/83 HPs)
             Began as a Demonspawn Fighter on Aug 24, 2022.
             Was a Believer of Qazlal.
             Mangled by a seven-headed hydra (11 damage)
             ... on level 1 of the Lair of Beasts.
             The game lasted 00:27:06 (12187 turns).

Araneus the Spear-Bearer (Demonspawn Fighter)      Turns: 12187, Time: 00:27:07

Health: -7/83      AC: 32    Str: 20    XL:     11   Next: 71%
Magic:  15/15      EV:  4    Int: 11    God:    Qazlal [**....]
Gold:   739        SH: 12    Dex: 12    Spells: 10/10 levels left

rFire   + . .      SeeInvis .    a - +0 trident
rCold   . . .      Faith    .    e - +0 kite shield
rNeg    . . .      Spirit   .    r - +0 plate armour
rPois   .          Reflect  .    (no helmet)
rElec   +          Harm     .    c - +2 cloak of Cobory {rElec}
rCorr   +          Rampage  .    y - +1 pair of gloves
Will    .....                    C - +0 pair of boots
Stlth   ..........               q - amulet of regeneration
HPRegen 1.03/turn                h - ring of resist corrosion
MPRegen 0.14/turn                w - ring of protection from fire

@: sanguine armoured
A: powered by death 1, spiny 1, sanguine armour 3
a: Renounce Religion, Upheaval


You were on level 1 of the Lair of Beasts.
You worshipped Qazlal.
Qazlal was pleased with you.
You visited 3 branches of the dungeon, and saw 12 of its levels.

You collected 854 gold pieces.
You spent 115 gold pieces at shops.

Inventory:

Hand Weapons
 a - a +0 trident (weapon)
Armour
 c - the +2 cloak of Cobory (worn) {rElec}
   (You found it on level 1 of the Lair of Beasts)

   rElec:     It insulates you from electricity.
 e - a +0 kite shield (worn)
 r - a +0 plate armour (worn)
 y - a +1 pair of gloves (worn)
 C - a +0 pair of boots (worn)
Jewellery
 h - a ring of resist corrosion (left hand)
 q - an amulet of regeneration (around neck)
 w - a ring of protection from fire (right hand)
Wands
 b - a wand of iceblast (10)
 s - a wand of quicksilver (10)
Scrolls
 g - 2 scrolls of fear
 k - a scroll of summoning
 p - 2 scrolls of teleportation
 t - 2 scrolls of identify
Potions
 d - 4 potions of curing
 i - a potion of flight
 j - a potion of brilliance
 m - 2 potions of magic
 o - 5 potions of attraction
 z - a potion of berserk rage


   Skills:
 + Level 6.4 Fighting
 * Level 13.4 Polearms
 + Level 7.6 Armour
 + Level 5.7 Shields
 * Level 6.3 Invocations


You had 10 spell levels left.
You didn't know any spells.
Your spell library contained the following spells:

 Spells                   Type           Power      Damage    Failure   Level
 Beastly Appendage        Tmut           0%         N/A       100%        1
 Summon Small Mammal      Summ           0%         N/A       100%        1
 Wereblood                Tmut           0%         N/A       100%        2
 Call Canine Familiar     Summ           0%         N/A       100%        3
 Gell's Gravitas          Tloc           0%         N/A       100%        3
 Ozocubu's Armour         Ice            0%         N/A       100%        3
 Spider Form              Tmut/Pois      0%         N/A       100%        3
 Stone Arrow              Conj/Erth      0%         3d7       100%        3
 Summon Guardian Golem    Hex/Summ       0%         N/A       100%        3
 Teleport Other           Tloc           0%         N/A       100%        3
 Animate Armour           Summ/Erth      0%         N/A       100%        4
 Dispersal                Tloc           0%         N/A       100%        6
 Ozocubu's Refrigeration  Ice            0%         4d7       100%        7
 Lehudib's Crystal Spear  Conj/Erth      0%         10d2      100%        8


Dungeon Overview and Level Annotations

Branches:
Dungeon (10/15)            Temple (1/1) D:7            Lair (1/5) D:10
    Orc: D:9-12

Altars:
Ashenzari
Dithmenos
Fedhas
Gozag
Hepliaklqana
Kikubaaqudgha
Makhleb
Nemelex Xobeh
Okawaru
Qazlal
Ru
Sif Muna
Trog
Uskayaw
Vehumet
Wu Jian
Xom
Yredelemnul

Shops:
D:2 [   D:9 *

Annotations:
D:9 1 transporter


Innate Abilities, Weirdness & Mutations

You regenerate a little health from kills.
You are partially covered in sharp spines.
When seriously injured, your blood forms very thick armour. (AC +12)


Message History

You puncture the seven-headed hydra!
The seven-headed hydra is severely wounded.
The blink frog is struck by your spines.
The blink frog hits you.
The blink frog blinks!
The blink frog is struck by your spines.
The blink frog hits you.
You puncture the seven-headed hydra!
The seven-headed hydra is severely wounded.
The blink frog blinks!
The seven-headed hydra bites you but does no damage.
You block the seven-headed hydra's attack.
The seven-headed hydra bites you. x2
You block the seven-headed hydra's attack.
The seven-headed hydra barely misses you.
The seven-headed hydra bites you but does no damage.
The blink frog is struck by your spines.
The blink frog hits you.
* * * LOW HITPOINT WARNING * * *
The seven-headed hydra is no longer moving slowly.
The blink frog blinks!
You block the blink frog's attack.
You hit the blink frog.
The blink frog is almost dead.
The blink frog hits you but does no damage.
The blink frog is engulfed in freezing vapours.
The blink frog is struck by your spines.
The blink frog hits you!
* * * LOW HITPOINT WARNING * * *
You block the blink frog's attack. x2
The seven-headed hydra is struck by your spines.
The seven-headed hydra bites you but does no damage.
The seven-headed hydra completely misses you.
The seven-headed hydra bites you but does no damage. x3
The seven-headed hydra bites you!
* * * LOW HITPOINT WARNING * * *
The seven-headed hydra bites you but does no damage.
The seven-headed hydra attacks as you move away!
The seven-headed hydra is struck by your spines.
The seven-headed hydra bites you but does no damage. x3
The seven-headed hydra bites you!
You die...

##..#..#....### #.............#
.#.. #............## #....
.......#....## #####.....
.............### ####.........
....(...#......## #.#..........
......P##.......####...........
.#....####.....F§F.....†...(...
..#######......F@F...†.........
#.##...P........#D###..........
.............#######...........
.....[....#### ###........#
....†.P...## #.......##
...........# ###..####
....P....###. .P#
.#...[........ ###
.#####..##....


You could see a seven-headed hydra and 4 blink frogs.

Vanquished Creatures
  A hydra (Lair:1)
  A torpor snail (Lair:1)
  2 cane toads (Lair:1)
  An unseen horror (D:10)
  2 komodo dragons (Lair:1)
  A hornet (D:7)
  8 dream sheep (Lair:1)
  Sigmund (D:3)
  A shadow (D:9)
  2 wyverns
  25 yaks
  Menkaure (D:4)
  Edmund (D:4)
  Duvessa (D:7)
  3 water moccasins
  4 orc warriors
  4 black bears
  An ice beast (D:7)
  6 centaurs
  2 ogres
  4 bullfrogs
  3 kobold brigands
  6 scorpions
  7 wights
  Dowan (D:7)
  12 killer bees
  2 electric eels (D:6)
  2 howler monkeys
  5 hounds
  4 jellies
  Crazy Yiuf (D:7)
  2 orc priests
  A gnoll bouda (D:7)
  4 iguanas
  7 orc wizards
  3 gnolls (D:7)
  10 adders
  A shadow imp (D:6)
  A white imp (D:7)
  2 worms
  3 dart slugs
  29 orcs
  5 bats
  7 endoplasms
  5 giant cockroaches
  4 goblins
  12 hobgoblins
  4 jackals (D:1)
  5 quokkas
  5 ball pythons
  2 frilled lizards
  21 kobolds
  2 rats
250 creatures vanquished.

Vanquished Creatures (others)
  2 fungi (D:10)
  17 plants
19 creatures vanquished.

Grand Total: 269 creatures vanquished

Notes
Turn   | Place    | Note
-------+----------+-------------------------------------------
     0 | D:1      | Araneus the Demonspawn Fighter began the quest for the Orb.
     0 | D:1      | Reached XP level 1. HP: 18/18 MP: 1/1
    27 | D:1      | Reached skill level 2 in Polearms
   144 | D:1      | Gained mutation: When seriously injured, your blood forms
                  | armour. (AC +12) [demonic ancestry]
   144 | D:1      | Reached XP level 2. HP: 6/24 MP: 2/2
   790 | D:1      | Reached skill level 3 in Polearms
   884 | D:1      | Found a faded altar of an unknown god.
   884 | D:1      | Noticed a smoke demon
  1571 | D:2      | Reached XP level 3. HP: 15/29 MP: 3/3
  2280 | D:2      | Reached skill level 4 in Polearms
  2280 | D:2      | Gained mutation: When seriously injured, your blood forms
                  | thick armour. (AC +12) [demonic ancestry]
  2280 | D:2      | Reached XP level 4. HP: 35/35 MP: 4/4
  2307 | D:2      | Found a hide-covered altar of Uskayaw.
  2505 | D:2      | Found Feumuon's Armour Emporium.
  2621 | D:3      | Found a sparkling altar of Nemelex Xobeh.
  2978 | D:3      | Noticed Sigmund
  3001 | D:3      | Killed Sigmund
  3002 | D:3      | Reached skill level 5 in Polearms
  3002 | D:3      | Gained mutation: You are partially covered in sharp spines.
                  | [demonic ancestry]
  3002 | D:3      | Reached XP level 5. HP: 23/41 MP: 5/5
  3002 | D:3      | Gained mutation: When seriously injured, your blood forms
                  | very thick armour. (AC +12) [demonic ancestry]
  3002 | D:3      | Reached XP level 6. HP: 27/47 MP: 6/6
  3512 | D:4      | Noticed Menkaure
  3525 | D:4      | Killed Menkaure
  3526 | D:4      | Reached skill level 6 in Polearms
  3846 | D:4      | Reached XP level 7. HP: 25/52 MP: 7/7
  4074 | D:4      | Found an opulent altar of Gozag.
  4111 | D:4      | Reached skill level 7 in Polearms
  4598 | D:4      | Noticed Edmund
  4619 | D:4      | Killed Edmund
  4842 | D:5      | Entered Level 5 of the Dungeon
  5206 | D:5      | Reached skill level 8 in Polearms
  5206 | D:5      | Reached XP level 8. HP: 35/58 MP: 8/8
  5630 | D:5      | Found a bloodstained altar of Trog.
  6283 | D:6      | Reached skill level 9 in Polearms
  6301 | D:6      | Reached XP level 9. HP: 26/65 MP: 9/9
  6572 | D:6      | Reached skill level 10 in Polearms
  6572 | D:6      | Reached skill level 5 in Armour
  7892 | D:7      | Found a staircase to the Ecumenical Temple.
  8502 | D:7      | Found a shimmering blue altar of Sif Muna.
  8555 | D:7      | Found a runed translucent door.
  8556 | D:7      | Noticed Crazy Yiuf
  8902 | D:7      | Reached skill level 11 in Polearms
  8962 | D:7      | Noticed Dowan
  8963 | D:7      | Noticed Duvessa
  8978 | D:7      | Killed Duvessa
  8987 | D:7      | Killed Dowan
  9343 | D:7      | Killed Crazy Yiuf
  9344 | D:7      | Reached XP level 10. HP: 51/70 MP: 10/10
  9387 | Temple   | Entered the Ecumenical Temple
  9426 | Temple   | Became a worshipper of Qazlal Stormbringer
  9841 | D:8      | Identified the +9 short sword of the Conjuring Sybil {holy,
                  | Stlth+}
  9896 | D:8      | Reached skill level 1 in Invocations
 10284 | D:9      | Found a transporter.
 10284 | D:9      | Found a transporter.
 10445 | D:9      | Reached skill level 5 in Fighting
 10474 | D:9      | Reached skill level 12 in Polearms
 10525 | D:9      | Reached * piety under Qazlal
 10664 | D:9      | Found Murghi Uvvu's Assorted Antiques.
 10673 | D:9      | Bought a potion of heal wounds for 115 gold pieces
 10836 | D:9      | Gained mutation: You regenerate a little health from kills.
                  | [demonic ancestry]
 10836 | D:9      | Reached XP level 11. HP: 68/81 MP: 14/14
 11176 | D:10     | Entered Level 10 of the Dungeon
 11236 | D:10     | Found a staircase to the Lair.
 11295 | D:10     | Reached ** piety under Qazlal
 11486 | D:10     | Found a sacrificial altar of Ru.
 11629 | D:10     | Reached skill level 5 in Invocations
 11766 | Lair:1   | Entered Level 1 of the Lair of Beasts
 11771 | Lair:1   | Reached skill level 13 in Polearms
 11774 | Lair:1   | Reached skill level 5 in Shields
 11961 | Lair:1   | Noticed a six-headed hydra
 11972 | Lair:1   | Killed a six-headed hydra
 12083 | Lair:1   | Identified the +2 cloak of Cobory {rElec}
 12156 | Lair:1   | Noticed a seven-headed hydra
 12186 | Lair:1   | HP: 4/83 [seven-headed hydra (8)]
 12187 | Lair:1   | Mangled by a seven-headed hydra

Illustrated notes

Levels and vault maps discovered:
D:1:      dpeg_arrival_more_subterranean_lakeside_camping, layout_basic,
          serial_co_window_serial, co_window_corner_a, co_window_corner_a,
          co_window_paths_a, co_window_corner_a, co_window_of_opportunity_a,
          co_window_paths_b, co_window_cross_1, co_window_corner_cb,
          co_window_broadway_c, co_window_broadway_b, co_window_2corner,
          co_window_paths_c, glass_columns_a, glass_columns_c, glass_columns_c,
          dreamdust_ecumenical_altar_sealed_demon
D:2:      layout_basic, basic_altar, serial_shops,
          nicolae_shop_advertising_works [nicolae_subvault_shop_adworks]
D:3:      layout_rooms, mainiacjoe_overflow_catwalk_spiral, minmay_unequal,
          uniq_sigmund
D:4:      layout_basic, mainiacjoe_overflow_concentric_impassable,
          uniq_menkaure, uniq_edmund
D:5:      layout_loops_corners, general_overflow_altar
D:6:      wad_lake_hut, layout_basic
D:7:      layout_loops_corners, nicolae_overflow_hidden_temple,
          minmay_temple_entry_gardened_gates, uniq_duvessa,
          uniq_crazy_yiuf_cottage
D:8:      layout_loops_cross, marbit_many_paths
D:9:      layout_basic, serial_shops, nicolae_shop_overgrown_old_shop,
          grunt_decor_cap, nicolae_diode_stairs
D:10:     layout_roguey, nicolae_ru_great_annihilating_truth, david_lair_generic
Temple:   nicolae_temple_bog_church
Lair:1:   layout_cave_pods, serial_bayou_shore_a, lemuel_fruit_fields

Skill      XL: |  1  2  3  4  5  6  7  8  9 10 11 |
---------------+----------------------------------+-----
Polearms       | 2 3 4 5 6 8 9 11 12 13 | 13.4
Armour         | 3 4 5 6 7 |  7.6
Shields        | 3 4 5 |  5.7
Fighting       | 4 5 6 |  6.4
Invocations    | 4 6 |  6.3

Action                   |  1- 3 |  4- 6 |  7- 9 | 10-12 || total
-------------------------+-------+-------+-------+-------++-------
Melee: Trident           |   122 |   133 |   423 |   460 ||  1138
Evoke: Wand              |       |       |     4 |       ||     4
  Use: Potion            |       |     1 |     2 |     9 ||    12
       Scroll            |       |       |    15 |     3 ||    18
 Stab: Paralysed         |       |       |       |     1 ||     1
Armor: Scale mail        |    61 |    13 |       |       ||    74
       Plate armour      |       |    58 |   157 |   316 ||   531
Dodge: Dodged            |    38 |    23 |    45 |    60 ||   166
Block: Buckler           |    30 |    26 |    66 |    10 ||   132
       Kite shield       |       |       |       |   208 ||   208

Table legend: (Time is in decaauts)
 A = Elapsed time spent in this place.
 B = Non-inter-level travel time spent in this place.
 C = Inter-level travel time spent in this place.
 D = Time resting spent in this place.
 E = Time spent auto-exploring this place.
 F = Levels seen in this place.
 G = Mean time per level.
                   A        B        C        D        E       F      G
               +--------+--------+--------+--------+--------+-----+--------+
         Total |  12168 |  11883 |    285 |    210 |   9679 |  12 | 1014.0 |
       Dungeon |  11566 |  11302 |    264 |    210 |   9271 |  10 | 1156.6 |
        Temple |    194 |    173 |     21 |      0 |    148 |   1 |  194.0 |
          Lair |    407 |    407 |      0 |      0 |    260 |   1 |  407.0 |
               +--------+--------+--------+--------+--------+-----+--------+

Top non-repeatable levels by time:
     D:6: 1668 daAuts
     D:1: 1516 daAuts
     D:7: 1499 daAuts
     D:5: 1403 daAuts
     D:4: 1367 daAuts
     D:2: 1132 daAuts
     D:9: 867 daAuts
     D:3: 860 daAuts
     D:8: 677 daAuts
    D:10: 574 daAuts
  Lair:1: 407 daAuts
  Temple: 194 daAuts
